 Dungeon Crawl Stone Soup version 0.30-a0-989-g0d87f670db (webtiles) character file.

Game seed: 3336495660516321757

4 MackTheKnife the Poker (level 1, 10/15 HPs)
             Began as a Vampire Wanderer on Apr 3, 2023.
             Quit the game on level 1 of the Dungeon.
             The game lasted 00:00:34 (77 turns).

MackTheKnife the Poker (Vampire Wanderer)             Turns: 77, Time: 00:00:35

Health: 10/15      AC:  3    Str: 12    XL:     1   Next: 50%
Magic:  2/2        EV: 12    Int: 15    God:
Gold:   3          SH:  0    Dex: 11    Spells: 1/2 levels left

rFire   . . .      SeeInvis +    a - +2 spear {polearm}
rCold   . . .      Faith    .    (no shield)
rNeg    . . .      Spirit   .    d - +0 robe
rPois   .          Reflect  .    (no helmet)
rElec   .          Rampage  .    (no cloak)
rCorr   .                        (no gloves)
Will    .....                    b - +0 pair of boots
Stlth   +                        (no amulet)
HPRegen 0.42/turn                (no ring)
MPRegen 0.08/turn                (no ring)

@: healing quickly
A: alive, fangs 3, see invisible, vampiric 1
a: Exsanguinate


You were on level 1 of the Dungeon.
You visited 1 branch of the dungeon, and saw 1 of its levels.

You collected 3 gold pieces.


Innate Abilities, Weirdness & Mutations

Your natural rate of healing is accelerated.
You have razor-sharp teeth.
You have supernaturally acute eyesight. (SInv)
You are afflicted with vampirism.


   Skills:
 + Level 1.1 Fighting
 + Level 2.7 Polearms
 + Level 1.6 Armour
 + Level 2.2 Dodging
 + Level 1.1 Spellcasting
 + Level 1.2 Necromancy


You had one spell level left.
You knew the following spells:

 Your Spells              Type           Power      Damage    Failure   Level
a - Kiss of Death         Conj/Necr      8%         2d6       19%         1

Your spell library contained the following spells:

 Spells                   Type           Power      Damage    Failure   Level
 Cigotuvi's Dreadful Rot  Necr/Pois/Air  4%         N/A       30%         2
 Poisonous Vapours        Pois/Air       0%         N/A       36%         2
 Vampiric Draining        Necr           4%         2d6       41%         3
 Mephitic Cloud           Conj/Pois/Air  0%         N/A       58%         3

Inventory:

Hand Weapons
 a - a +2 spear (weapon) {polearm}
Armour
 b - a +0 pair of boots (worn)
 d - a +0 robe (worn)
Potions
 c - a potion of mutation {!q}

Dungeon Overview and Level Annotations

Branches:
Dungeon (1/15) Zot: 5922

Altars:

##♣#♣#♣
#.....#
#.♣.♣.♣
#..@..# ..
#####.♣.♣###..
#.....>.......
#..........#..
#..........#
#....>.....##.
#.............
#.........$##.
#..........#


There were no monsters in sight!


Message History

Ran out of altars for temple! x2 🤖 Initializing magus.rc ...
Options error: Delay interrupt name "hungry" not recognised. (~/.crawlrc:4768) Options error: Bad monster_list_colour key: strict_neutral (~/.crawlrc:4783) Bad channel name for runrest: 'pray:' ✅ Successfully initialized magus.rc [v1.9.6] Welcome, MackTheKnife the Vampire Wanderer.
Below lies the Orb of Zot, rumoured to be powerful enough to resurrect a god...
Press ? for a list of commands and other information.
Found 3 gold pieces, a war axe and a book of Vapours.
Found a staircase leading out of the dungeon.
You begin with the following items: a +2 spear {polearm}, a +0 pair of boots, a potion of mutation {!q}, a +0 robe; and the following spell memorised: Kiss of Death; and the following spells available to memorise: Vampiric Draining.
There is a staircase leading out of the dungeon here.
You enter the shallow water.
Moving in this stuff is going to be slow.
You pick up a book of Vapours and begin reading...
You add the spells Poisonous Vapours, Cigotuvi's Dreadful Rot and Mephitic Cloud to your library.
You now have 3 gold pieces.
A giant cockroach comes into view.
The giant cockroach closely misses you. The giant cockroach closely misses you.
The giant cockroach bites you but does no damage.
You barely miss the giant cockroach. The giant cockroach barely misses you.
You hit the giant cockroach. The giant cockroach barely misses you.
You closely miss the giant cockroach.
The giant cockroach bites you but does no damage.
You hit the giant cockroach.
You kill the giant cockroach!
You see here a giant cockroach corpse.
You see here a giant cockroach corpse.
A hobgoblin comes into view.
The hobgoblin closely misses you.
You barely miss the hobgoblin. The hobgoblin closely misses you.
You hit the hobgoblin but do no damage. Your bite misses the hobgoblin.
The hobgoblin hits you. 😕 HP[-1]
You take 1 damage, and now have 14/15 hp.
You hit the hobgoblin but do no damage.
The hobgoblin barely misses you. 😎 HP[+1]
Your hp is fully restored (15).
You barely miss the hobgoblin. The hobgoblin closely misses you.
You hit the hobgoblin. The hobgoblin closely misses you.
You hit the hobgoblin.
You kill the hobgoblin!
You see here a hobgoblin corpse.
An endoplasm and a ball python come into view.
Found a stone staircase leading down.
A rat comes into view.
The ball python hisses angrily.
Found a stone staircase leading down.
The ball python bites you.
The ball python barely misses you. 😕 HP[-2]
You take 2 damage, and now have 13/15 hp.
The ball python barely misses you. x2 😕 HP[+1]
The rat attacks as you move away! The rat bites you but does no damage.
The ball python barely misses you. The ball python misses you. 😎 HP[+1]
Your hp is fully restored (15).
There is a stone staircase leading down here.
The ball python barely misses you. x2
The rat attacks as you move away! The rat closely misses you.
There is a stone staircase leading down here.
The ball python attacks as you move away!
The ball python barely misses you.
The ball python attacks as you move away!
The ball python bites you but does no damage.
The ball python misses you.
The ball python attacks as you move away!
The ball python closely misses you. The ball python barely misses you.
The ball python grabs you. The ball python constricts you.
You hit the ball python.
You kill the ball python!
You barely miss the rat. The rat closely misses you.
You barely miss the rat. Your bite misses the rat. The rat barely misses you.
You hit the rat. The rat bites you. 😕 HP[-2]
You take 2 damage, and now have 13/15 hp.
You completely miss the rat. The rat bites you. 😮 HP[-2]
You take 2 damage, and now have 11/15 hp.
You closely miss the rat. The rat bites you. 😮 HP[-2]
You take 2 damage, and now have 9/15 hp.
You hit the rat.
You kill the rat!
Things that are here:
a rat corpse; a ball python corpse; 😮 HP[+1] Unknown command.
Are you sure you want to abandon this character and quit the game? (Confirm with "yes".)

Action                     || total
---------------------------++-------
  Melee: Spear             ||    17
 Armour: Robe              ||     4
  Dodge: Dodged            ||    23

Levels and vault maps discovered:
D:1:      nicolae_arrival_washed_ashore, layout_rooms, serial_forest,
          infiniplex_forest_lined_corner, infiniplex_forest_lined_corner,
          infiniplex_forest_clump_diagonal, infiniplex_forest_pool,
          infiniplex_forest_pool, infiniplex_forest_lined_corner

Notes
Turn   | Place    | Note
-------+----------+-------------------------------------------
     0 | D:1      | MackTheKnife the Vampire Wanderer began the quest for the
                  | Orb.
     0 | D:1      | MackTheKnife set off with the following items: a +2 spear
                  | {polearm}, a +0 pair of boots, a potion of mutation {!q}, a
                  | +0 robe; and the following spell memorised: Kiss of Death;
                  | and the following spells available to memorise: Vampiric
                  | Draining.
     0 | D:1      | Reached XP level 1. HP: 15/15 MP: 2/2
     0 | D:1      | magus.rc [v1.9.6]
    11 | D:1      | You pick up a book of Vapours and begin reading...
    11 | D:1      | You add the spells Poisonous Vapours, Cigotuvi's Dreadful
                  | Rot and Mephitic Cloud to your library.
    77 | D:1      | Quit the game

Vanquished Creatures
  A giant cockroach (D:1)
  A hobgoblin (D:1)
  A ball python (D:1)
  A rat (D:1)
4 creatures vanquished.

Table legend:
 A = Non-vault XP
 B = Vault XP
 C = Vault XP percentage of total XP
 D = Non-vault monster count
 E = Vault monster count
 F = Vault count percentage of total count
                 A         B        C        D         E       F
            +---------+---------+-------+---------+---------+-------
      Total |       6 |       0 |   0.0 |       4 |       0 |   0.0
            +---------+---------+-------+---------+---------+-------
        D:1 |       6 |       0 |   0.0 |       4 |       0 |   0.0
            +---------+---------+-------+---------+---------+-------

Illustrated notes

Table legend:
 A = Kills in this place as a percentage of kills in the entire game.
 B = Kills by you in this place as a percentage of kills by you in the entire game.
 C = Kills by friends in this place as a percentage of kills by friends in the entire game.
 D = Other kills in this place as a percentage of other kills in the entire game.
 E = Experience gained in this place as a percentage of experience gained in the entire game.
 F = Experience gained in this place divided by the number of levels of this place that you have seen.
                   A       B       C       D       E      F
               +-------+-------+-------+-------+-------+----------------------
         Total | 100.0 | 100.0 |   N/A |   N/A | 100.0 |   6.0
       Dungeon | 100.0 | 100.0 |   N/A |   N/A | 100.0 |   6.0
               +-------+-------+-------+-------+-------+----------------------

Table legend: (Time is in decaauts)
 A = Elapsed time spent in this place.
 B = Non-inter-level travel time spent in this place.
 C = Inter-level travel time spent in this place.
 D = Time resting spent in this place.
 E = Time spent auto-exploring this place.
 F = Levels seen in this place.
 G = Mean time per level.
                   A        B        C        D        E       F      G
               +--------+--------+--------+--------+--------+-----+--------+
         Total |     77 |     77 |      0 |      0 |      0 |   1 |   77.0 |
       Dungeon |     77 |     77 |      0 |      0 |      0 |   1 |   77.0 |
               +--------+--------+--------+--------+--------+-----+--------+

Top non-repeatable levels by time:
     D:1: 77 daAuts
